 Dungeon Crawl Stone Soup version 0.23.2-1-ga50397a6bc (webtiles) character file.

Game seed: 405851199092545196

763 Foic the Ruffian (level 7, 0/68 HPs)
             Began as a Troll Fighter on May 30, 2019.
             Was a Follower of Okawaru.
             Slain by Prince Ribbit (13 damage)
             ... on level 5 of the Dungeon.
             The game lasted 00:11:44 (3623 turns).

Foic the Ruffian (Troll Fighter)                    Turns: 3623, Time: 00:11:44

Health: 0/68       AC:  8    Str: 25      XL:     7   Next: 51%
Magic:  6/6        EV: 11    Int:  4      God:    Okawaru [*.....]
Gold:   215        SH:  9    Dex:  7 (11) Spells: 5/6 levels left

rFire    . . .     SeeInvis .     - Unarmed
rCold    . . .     Gourm    +   b - +0 shield
rNeg     . . .     Faith    .   a - +0 robe
rPois    +         Spirit   .   (helmet restricted)
rElec    .         Reflect  .   p - +1 cloak {rPois}
rCorr    .         Harm     .   (gloves unavailable)
MR       .....                  (boots unavailable)
Stlth    +.........             (no amulet)
HPRegen  0.61/turn              x - +2 ring of evasion
MPRegen  0.10/turn              (no ring)

@: no status effects
A: large, unfitting armour, claws 3, fast metabolism 3, gourmand, regeneration
1, shaggy fur 1, tough skin 3
a: Heroism, Renounce Religion


You were on level 5 of the Dungeon.
You worshipped Okawaru.
Okawaru was aware of your devotion.
You were completely stuffed.

You visited 2 branches of the dungeon, and saw 6 of its levels.

You collected 215 gold pieces.

Inventory:

Missiles
 i - 139 stones
 n - 5 curare-tipped needles
 u - a javelin (quivered)
 A - 18 poisoned needles
Armour
 a - a +0 robe (worn)
 b - a +0 shield (worn)
 p - a +1 cloak of poison resistance (worn)
Jewellery
 x - a +2 ring of evasion (left claw)
Wands
 q - a wand of digging (6)
 y - a wand of flame (15)
Scrolls
 f - a scroll of remove curse {unknown}
 g - 2 scrolls of identify {unknown}
 j - 2 scrolls of enchant armour {unknown}
 l - a scroll of teleportation {unknown}
 r - 2 scrolls of enchant weapon {unknown}
 w - a scroll of magic mapping {unknown}
 z - a scroll of immolation {unknown}
Potions
 c - a potion of might
 e - a potion of magic {unknown}
 h - a potion of agility {unknown}
 k - a potion of flight {unknown}
 m - a potion of resistance {unknown}
 o - a potion of haste {unknown}
 s - a potion of lignification {unknown}
 t - a potion of curing {unknown}
 v - a potion of cancellation {unknown}
Comestibles
 d - 9 rations


   Skills:
 * Level 3.8 Fighting
 + Level 0.5 Throwing
 * Level 4.6 Dodging
 + Level 3.6 Shields
 + Level 5.0 Unarmed Combat


You had 5 spell levels left.
You knew the following spells:

 Your Spells              Type           Power        Failure   Level  Hunger
a - Confusing Touch       Hex            #.....       87%         1    ##.....

Your spell library contained the following spells:

 Spells                   Type           Power        Failure   Level  Hunger
 Confuse                  Hex            #.......     99%         3    ####...
 Gell's Gravitas          Tloc           #.........   99%         3    ####...
 Petrify                  Tmut/Erth      #.......     100%        4    #####..
 Metabolic Englaciation   Hex/Ice        #.........   100%        5    ######.
 Yara's Violent Unravell  Hex/Tmut       #.........   100%        5    ######.


Dungeon Overview and Level Annotations

Branches:
Dungeon (5/15)             Temple (1/1) D:4

Altars:
Ashenzari
Cheibriados
Dithmenos
Fedhas
Gozag
Hepliaklqana
Kikubaaqudgha
Makhleb
Nemelex Xobeh
Okawaru
Qazlal
Ru
Sif Muna
Trog
Uskayaw
Vehumet
Wu Jian
Xom
Zin
The Shining One

Annotations:
D:5 Prince Ribbit


Innate Abilities, Weirdness & Mutations

You are too large for most types of armour.
You have claws for hands.
Your metabolism is lightning-fast.
You like to eat raw meat.
Your natural rate of healing is unusually fast.
You are covered in fur. (AC +1)
You have extremely tough skin. (AC +3)


Message History

You miss Prince Ribbit.
Prince Ribbit is moderately wounded.
Prince Ribbit hits you but does no damage.
You miss Prince Ribbit.
Prince Ribbit is moderately wounded.
You block Prince Ribbit's attack. Prince Ribbit hits you!
You closely miss Prince Ribbit.
Prince Ribbit is moderately wounded.
Prince Ribbit hits you but does no damage.
You scratch Prince Ribbit but do no damage.
Prince Ribbit is moderately wounded.
You block Prince Ribbit's attack.
You barely miss Prince Ribbit.
Prince Ribbit is moderately wounded.
Prince Ribbit hits you!
* * * LOW HITPOINT WARNING * * *
Prince Ribbit closely misses you.
Prince Ribbit lets out a mournful croak.
Prince Ribbit hits you!
You die...

###### #....# #....# #....#
#....#
?..#########....############
>.........F@...............#
.......#####....##########.#
....... #....# .........
....... ######. ########.
....... #####.#######...
....[.. +...............
....... #####.#.#####...
#...... #.#.# #...
#.#.#####...


You could see Prince Ribbit.

Vanquished Creatures
  Eustachio (D:4)
  Duvessa (D:4)
  A sky beast (D:5)
  Dowan (D:4)
  A vampire bat (D:4)
  A howler monkey (D:3)
  2 orc priests (D:4)
  Jessica (D:2)
  An iguana (D:4)
  A hound skeleton (D:4)
  6 adders
  An ooze (D:5)
  A dart slug (D:5)
  6 worms
  9 orcs
  15 bats
  4 giant cockroaches
  4 goblins
  5 hobgoblins
  13 jackals
  2 quokkas
  A ball python (D:4)
  5 frilled lizards
  4 kobolds
  A quokka zombie (D:5)
  6 rats
94 creatures vanquished.

Notes
Turn   | Place    | Note
-------+----------+-------------------------------------------
     0 | D:1      | Foic the Troll Fighter began the quest for the Orb.
     0 | D:1      | Reached XP level 1. HP: 22/22 MP: 0/0
   362 | D:1      | Reached XP level 2. HP: 29/29 MP: 1/1
  1036 | D:2      | Noticed Jessica
  1090 | D:2      | Reached XP level 3. HP: 31/36 MP: 2/2
  1112 | D:2      | Killed Jessica
  1159 | D:2      | Reached XP level 4. HP: 44/44 MP: 3/3
  1303 | D:2      | Found a glowing silver altar of Zin.
  1343 | D:2      | Found an opulent altar of Gozag.
  1513 | D:3      | Reached skill level 3 in Unarmed Combat
  1513 | D:3      | Reached XP level 5. HP: 53/53 MP: 4/4
  1893 | D:3      | Learned a level 1 spell: Confusing Touch
  2298 | D:4      | Found a sacrificial altar of Ru.
  2298 | D:4      | Found a shattered altar of Ashenzari.
  2303 | D:4      | Found an iron altar of Okawaru.
  2306 | D:4      | Found an ancient bone altar of Kikubaaqudgha.
  2307 | D:4      | Found an opulent altar of Gozag.
  2317 | D:4      | Became a worshipper of Warmaster Okawaru
  2435 | D:4      | Noticed Duvessa
  2436 | D:4      | Noticed Dowan
  2450 | D:4      | Reached XP level 6. HP: 59/61 MP: 5/5
  2460 | D:4      | Killed Duvessa
  2460 | D:4      | Reached skill level 4 in Unarmed Combat
  2478 | D:4      | Killed Dowan
  2611 | D:4      | Noticed Eustachio
  2692 | D:4      | Killed Eustachio
  2692 | D:4      | Reached * piety under Okawaru
  2692 | D:4      | Reached XP level 7. HP: 59/67 MP: 6/6
  2765 | D:4      | Found a stormy altar of Qazlal.
  2804 | D:4      | Found a staircase to the Ecumenical Temple.
  2817 | Temple   | Entered the Ecumenical Temple
  3174 | D:5      | Entered Level 5 of the Dungeon
  3479 | D:5      | Noticed Prince Ribbit
  3532 | D:5      | Reached skill level 5 in Unarmed Combat
  3623 | D:5      | Slain by Prince Ribbit

Skill      XL: |  1  2  3  4  5  6  7 |
---------------+----------------------+-----
Dodging        | 3 4 |  4.6
Fighting       | 3 |  3.8
Shields        | 3 |  3.6
Unarmed Combat | 3 4 5 |  5.0
Throwing       | |  0.5

Action                   |  1- 3 |  4- 6 |  7- 9 || total
-------------------------+-------+-------+-------++-------
Melee: Unarmed           |    93 |   245 |    91 ||   429
Throw: Javelin           |       |     7 |     2 ||     9
       Stone             |       |     3 |       ||     3
 Stab: Sleeping          |     1 |       |       ||     1
  Eat: Chunk             |    16 |    14 |     9 ||    39
Armor: Robe              |    45 |   108 |    36 ||   189
Dodge: Dodged            |    36 |   111 |    34 ||   181
Block: Shield            |    40 |   127 |    34 ||   201
